cohdb
Replays
Latest Replays
All Replays
Popular Replays
Top Player Replays
Match Explorer
How It Works
Community
CoH3 Stats
Reddit
Sign in to upload your games and track your stats! →
Sign in with Steam
Match 44778938
Unlisted
Match 44778938
Overview
Messages
Build Orders
End
Panzergrenadier Squad
Selects Battlefield Espionage Battlegroup
Selects Battlefield Espionage Battlegroup
Panzergrenadier Squad
250 Light Carrier
Construct Light Support Kompanie
MG34 Team
Selects 250/3 Funkpanzerwagen
Fire Support Elements
Panzergrenadier Squad
Pak 38 Mechanized Group
2.5-tonne Medical Truck
Selects Intel Disruption Beacon
2.5-tonne Medical Truck
Flakvierling Half-track
Construct Panzerarmee Kommand
Veteran Squad Leaders
Selects Advanced Ambush Training
Selects Advanced Ambush Training
Walking Stuka Rocket Launcher
2.5-tonne Medical Truck
Selects Transfer Depots
Selects Firestorm
Firestorm
Walking Stuka Rocket Launcher
Firestorm
Armored Reserves
Vehicle Survival Package
Firestorm
Firestorm
Morcrabanen
nemesis783862
Cheese
MuniekPL
Papa Shango
Husar
0
0
Comments
sign in to comment!
No comments posted yet!